 Dungeon Crawl Stone Soup version 0.22-a0-815-gb582571 (webtiles) character file.

1261 zishaf the Changer (level 8, -1/42 HPs)
             Began as a Vine Stalker Transmuter on July 23, 2018.
             Slain by a killer bee (6 damage)
             ... on level 6 of the Dungeon.
             The game lasted 00:17:09 (5829 turns).

zishaf the Changer (Vine Stalker Transmuter)        Turns: 5829, Time: 00:17:09

Health: -1/42      AC:  6    Str: 16    XL:     8   Next: 52%
Magic:  0/12       EV: 13    Int: 13    God:
Gold:   134        SH:  0    Dex: 14    Spells: 5/11 levels left

rFire    . . .     SeeInvis .     - Unarmed
rCold    + . .     Gourm    .   (no shield)
rNeg     . . .     Faith    .   c - +1 robe {rC+}
rPois    +         Spirit   +   B - +0 helmet
rElec    .         Reflect  .   F - +1 cloak
rCorr    .         Harm     .   (no gloves)
MR       ++...                  (no boots)
Stlth    +.........             (no amulet)
HPRegen  0.54/turn              y - ring of protection from magic
MPRegen  0.13/turn              n - ring of poison resistance

@: hasted, very quick
A: fangs 3, regeneration 1, magic shield, antimagic bite, no potion heal 3, rot
immunity
a: no special abilities


You were on level 6 of the Dungeon.
You were not hungry.

You visited 1 branch of the dungeon, and saw 7 of its levels.
You also visited: Sewer.

You collected 134 gold pieces.

Inventory:

Missiles
 a - 146 arrows
 g - 270 stones (quivered)
 k - 18 poisoned needles
 p - 2 throwing nets
 C - 2 curare-tipped needles
Armour
 b - a +0 robe
 c - a +1 robe of cold resistance (worn)
 A - a +1 animal skin
 B - a +0 helmet (worn)
 F - a +1 cloak (worn)
Jewellery
 e - an uncursed ring of protection from cold
 n - a ring of poison resistance (right hand)
 y - a ring of protection from magic (left hand)
 E - an uncursed ring of stealth
Wands
 t - a wand of digging (6)
Scrolls
 h - a scroll of immolation {unknown}
 j - a scroll of blinking {unknown}
 r - 2 scrolls of fog {unknown}
 s - 2 scrolls of fear {unknown}
 u - a scroll of amnesia {unknown}
 v - 2 scrolls of teleportation
 z - a scroll of enchant armour {unknown}
 D - a scroll of identify
Potions
 f - a potion of lignification {unknown}
 i - 4 potions of degeneration {unknown}
 m - a potion of cancellation {unknown}
 o - a potion of berserk rage {unknown}
 w - a potion of brilliance
Comestibles
 d - 13 rations
 x - 2 chunks of flesh


   Skills:
 + Level 4.4 Fighting
 - Level 2.0 Throwing
 - Level 3.0 Dodging
 + Level 5.8 Unarmed Combat
 - Level 2.1 Spellcasting
 * Level 6.0 Transmutations


You had 5 spell levels left.
You knew the following spells:

 Your Spells              Type           Power        Failure   Level  Hunger
a - Beastly Appendage     Tmut           ###...       1%          1    ##.....
b - Blade Hands           Tmut           ###.......   50%         5    ######.

Your spell library contained the following spells:

 Spells                   Type           Power        Failure   Level  Hunger
 Spider Form              Tmut/Pois      #.........   22%         3    ####...
 Ice Form                 Ice/Tmut       #.......     56%         4    #####..
 Sticks to Snakes         Tmut           ###.....     3%          2    ###....


Dungeon Overview and Level Annotations

Branches:
Dungeon (7/15)             Temple (0/1) D:7

Altars:
Cheibriados
Kikubaaqudgha
Makhleb
Vehumet
Yredelemnul

Annotations:
D:5 Menkaure


Innate Abilities, Weirdness & Mutations

You have razor-sharp teeth.
Your natural rate of healing is unusually fast.
When hurt, damage is shared between your health and your magic reserves.
Your bite disrupts and absorbs the magic of your enemies.
Potions cannot restore your health.
You are immune to rotting.


Message History

* * * LOW HITPOINT WARNING * * *
The killer bee closely misses you. The killer bee barely misses you.
The killer bee stings you.
* * * LOW HITPOINT WARNING * * *
Things that are here:
a giant club; an ogre skeleton The killer bee closely misses you.
The killer bee closely misses you. The killer bee completely misses you.
The killer bee closely misses you.
You see here a killer bee corpse.
You see here a blowgun.
The killer bee closely misses you. The killer bee stings you.
* * * LOW HITPOINT WARNING * * *
There is a stone staircase leading up here.
The killer bee misses you.
You climb upwards.
There is a stone staircase leading down here.
The killer bee stings you!
You die...

#+# #.#
.#######y#
.......@>#
##########


You could see a killer bee.

Vanquished Creatures
  Pikel (D:4)
  4 slaves (D:4)
  An ogre (D:7)
  A scorpion (D:7)
  2 killer bees (D:7)
  2 crimson imps
  An orc priest (D:5)
  Crazy Yiuf (D:4)
  A hound (D:7)
  3 orc wizards
  3 worker ants
  Natasha (thrice) (D:3)
  A hound zombie (D:4)
  Robin (D:4)
  4 adders
  2 shadow imps
  An adder zombie (D:1)
  4 worms
  A dart slug (D:1)
  7 leopard geckos
  7 orcs
  9 bats
  A bat zombie (D:1)
  3 giant cockroaches
  16 goblins
  8 hobgoblins
  2 jackals (D:1)
  7 kobolds
  2 quokkas
  4 ball pythons
  8 frilled lizards
  A jackal skeleton (D:5)
  A jackal zombie (D:5)
  6 rats
119 creatures vanquished.

Notes
Turn   | Place    | Note
-------+----------+-------------------------------------------
     0 | D:1      | zishaf the Vine Stalker Transmuter began the quest for the Orb.
     0 | D:1      | Reached XP level 1. HP: 9/9 MP: 4/4
    55 | D:1      | Reached skill level 1 in Fighting
   111 | D:1      | Reached XP level 2. HP: 11/14 MP: 4/6
   557 | D:1      | Reached XP level 3. HP: 12/18 MP: 5/7
  1373 | D:2      | Reached skill level 1 in Throwing
  1429 | D:2      | Gained mutation: Your natural rate of healing is unusually fast. [Vine Stalker growth]
  1429 | D:2      | Reached XP level 4. HP: 4/23 MP: 4/8
  2327 | D:3      | Found a glowing drain.
  2351 | Sewer    | Entered a sewer
  2392 | Sewer    | Noticed Purgy
  2472 | Sewer    | Reached XP level 5. HP: 23/26 MP: 7/9
  2562 | D:3      | Noticed Natasha
  2569 | D:3      | Killed Natasha
  2604 | D:3      | Noticed Natasha
  2614 | D:3      | Killed Natasha
  2624 | D:3      | Noticed Natasha
  2637 | D:3      | Killed Natasha
  2943 | D:4      | Learned a level 5 spell: Blade Hands
  3021 | D:4      | Reached XP level 6. HP: 29/32 MP: 10/10
  3257 | D:4      | Found a radiant altar of Vehumet.
  3285 | D:4      | Found a burning altar of Makhleb.
  3615 | D:4      | Noticed a slave
  3616 | D:4      | Noticed Pikel
  3777 | D:4      | Noticed Robin
  3785 | D:4      | Killed Robin
  3785 | D:4      | Reached skill level 3 in Transmutations
  3948 | D:4      | Found a runed door.
  4143 | D:4      | Noticed Crazy Yiuf
  4243 | D:4      | Killed Crazy Yiuf
  4835 | D:4      | Noticed a slave
  4859 | D:4      | Killed a slave
  4871 | D:4      | Killed a slave
  4912 | D:4      | Noticed a slave
  4944 | D:4      | Killed a slave
  4960 | D:4      | Noticed a slave
  4980 | D:4      | Killed a slave
  5272 | D:4      | Killed Pikel
  5272 | D:4      | Reached skill level 5 in Unarmed Combat
  5272 | D:4      | Reached skill level 5 in Transmutations
  5272 | D:4      | Reached XP level 7. HP: 30/37 MP: 9/11
  5272 | D:4      | Gained mutation: You have razor-sharp teeth. [Vine Stalker growth]
  5272 | D:4      | Reached XP level 8. HP: 34/42 MP: 9/12
  5293 | D:5      | Entered Level 5 of the Dungeon
  5349 | D:5      | Found a basalt altar of Yredelemnul.
  5349 | D:5      | Noticed a wraith
  5351 | D:5      | Noticed Menkaure
  5353 | D:5      | Found an ancient bone altar of Kikubaaqudgha.
  5353 | D:5      | Noticed a wraith
  5369 | D:5      | Found a transporter.
  5371 | D:5      | Found a transporter.
  5546 | D:5      | You fall through a shaft for 2 floors!
  5549 | D:7      | Found a staircase to the Ecumenical Temple.
  5656 | D:7      | Noticed a hippogriff
  5749 | D:7      | Found a snail-covered altar of Cheibriados.
  5794 | D:7      | Reached skill level 6 in Transmutations
  5829 | D:6      | Slain by a killer bee

Vault maps used:
D:1:      saegor_arrival_fortress
D:2:      nicolae_overflow_hidden_temple
D:3:      first_ration, cheibrodos_sewer_entry_sluice, skrybe_limestone_x,
          uniq_natasha
D:4:      grunt_temple_overflow_lords_of_destruction, uniq_crazy_yiuf_cottage,
          uniq_robin, uniq_pikel
D:5:      gammafunk_temple_of_torment, lemuel_round_altar, uniq_grinder,
          uniq_blork_the_orc
D:6:      lemuel_doored_altar, gammafunk_temple_overflow_pools,
          minmay_misc_feat_cross
D:7:      lemuel_coloured_pillars_altar, minmay_temple_entry_water_ring
Sewer:    sewer_co_purgy_island

Skill      XL: |  1  2  3  4  5  6  7  8 |
---------------+-------------------------+-----
Fighting       | 1 2 3 4 |  4.4
Dodging        | 2 3 |  3.0
Throwing       | 1 2 |  2.0
Unarmed Combat | 4 5 |  5.8
Transmutations | 5 6 |  6.0
Spellcasting   | |  2.1

Action                   |  1- 3 |  4- 6 |  7- 9 || total
-------------------------+-------+-------+-------++-------
Melee: Unarmed           |   143 |   401 |   110 ||   654
       Bite              |    32 |   113 |    32 ||   177
       Punch             |     1 |     4 |     2 ||     7
Throw: Stone             |    19 |    63 |     5 ||    87
  Use: Scroll            |       |     5 |       ||     5
       Potion            |       |       |     3 ||     3
 Stab: Sleeping          |     2 |     1 |       ||     3
  Eat: Chunk             |     2 |    12 |     2 ||    16
Armor: Robe              |    37 |    56 |    30 ||   123
Dodge: Dodged            |   105 |   203 |    68 ||   376

Table legend:
 A = Spawn XP
 B = Non-spawn XP
 C = Spawn XP percentage of total XP
 D = Spawn monster count
 E = Non-spawn monster count
 F = Spawn count percentage of total count
 G = Total turns spent on level
                    A         B        C        D         E        F      G
               +---------+---------+-------+---------+---------+-------+---------
         Total |       0 |    1802 |   0.0 |       0 |     115 |   0.0 |  5829
               +---------+---------+-------+---------+---------+-------+---------
           D:1 |       0 |      47 |   0.0 |       0 |      24 |   0.0 |  1020
           D:2 |       0 |      74 |   0.0 |       0 |      25 |   0.0 |  1049
           D:3 |       0 |     179 |   0.0 |       0 |      15 |   0.0 |   736
           D:4 |       0 |     919 |   0.0 |       0 |      25 |   0.0 |  2330
           D:5 |       0 |     195 |   0.0 |       0 |      13 |   0.0 |   253
           D:7 |       0 |     369 |   0.0 |       0 |       7 |   0.0 |   282
         Sewer |       0 |      19 |   0.0 |       0 |       6 |   0.0 |   158
               +---------+---------+-------+---------+---------+-------+---------
